Map: King's Cove LE

Players

zuka - Winner!

  • Race: Protoss Protoss
  • League: Master
  • Spawn Location: 11:00

Tirendus

  • Race: Zerg Zerg
  • League: Master
  • Spawn Location: 5:00

VOD

Have the link to the VOD?

Description

Time

  • Played on: July 11, 2019, 4:34 p.m.
  • Length: 14:28
Show
View Real Time Build Order
Export as new Build Order

zuka Protoss - Winner!

Build Orders: 1 Gate Expand 

Get SALT Encoding   

  12  0:01  Probe  
  13  0:14  Probe  
  14  0:20  Pylon  
  14  0:22  Probe  
  15  0:34  Probe  
  15  0:40  Gateway  
  16  0:45  Probe  
  17  0:50  Assimilator  
  17  0:57  Probe  
  18  1:10  Probe  
  19  1:22  Probe  
  20  1:31  Nexus  
  21  1:41  Cybernetics Core  
  21  1:42  Probe  
  21  1:51  Assimilator  
  21  1:55  Probe  
  21  1:58  Pylon  
  22  2:03  Probe  
  22  2:07  Adept  
  22  2:11  Probe  
  25  2:23  Robotics Facility  
  25  2:26  Warp Gate  
  25  2:29  Probe  
  26  2:38  Stalker  
  26  2:41  Probe  
  26  2:43  Probe  
  30  2:53  Probe  
  30  2:57  Gateway  
  31  3:02  Immortal  
  35  3:16  Shield Battery  
  35  3:27  Pylon  
  35  3:42  Shield Battery  
  35  3:44  Immortal  
  37  3:59  Shield Battery  
  37  4:06  Pylon  
  35  4:14  Zealot x2  
  39  4:23  Immortal  
  41  4:43  Sentry x2  
  45  5:01  Immortal  
  45  5:05  Gateway  
  49  5:17  Stalker, Gateway  
  49  5:18  Probe x2  
  53  5:23  Phoenix  
  53  5:30  Probe  
  54  5:38  Pylon  
  54  5:47  Warp Prism  
  54  5:50  Pylon  
  54  5:56  Probe x2  
  58  6:01  Gateway  
  58  6:04  Stalker  
  58  6:08  Probe x2  
  62  6:15  Stalker  
  62  6:16  Stalker  
  66  6:20  Probe x2  
  68  6:29  Stalker  
  70  6:34  Pylon  
  70  6:45  Pylon  
  70  6:51  Nexus  
  70  6:54  Stalker x2  
  70  6:57  Stalker  
  74  7:14  Stalker  
  72  7:23  Stalker  
  72  7:24  Stalker  
  72  7:26  Stalker  
  78  7:34  Probe x2  
  80  7:41  Forge  
  80  7:42  Twilight Council  
  78  7:46  Probe x2  
  78  7:47  Immortal  
  84  7:58  Probe x2  
  84  8:02  Assimilator  
  84  8:03  Probe  
  84  8:04  Assimilator  
  84  8:05  Charge  
  87  8:09  Zealot x2  
  87  8:10  Probe x2  
  93  8:14  Protoss Ground Weapons Level 1  
  93  8:20  Pylon  
  93  8:23  Probe x2  
  93  8:25  Probe  
  96  8:33  Pylon  
  96  8:35  Probe x2  
  96  8:37  Probe  
  99  8:47  Probe x2  
  101  8:49  Probe  
  101  8:54  Gateway  
  102  8:56  Pylon, Immortal  
  102  8:59  Probe x2  
  108  9:02  Zealot  
  108  9:04  Pylon  
  108  9:07  Probe  
  111  9:12  Templar Archives  
  111  9:13  Probe  
  111  9:16  Probe  
  111  9:39  Zealot x4  
  111  9:45  Immortal  
  99  9:51  Zealot  
  101  9:55  Shield Battery  
  101  9:57  Probe x3  
  101  9:58  Shield Battery  
  108  10:03  Sentry x2  
  108  10:04  Zealot x2  
  116  10:09  Probe  
  111  10:24  Zealot x2  
  111  10:26  Zealot x2  
  113  10:33  Protoss Ground Weapons Level 2, Immortal  
  111  10:37  Probe  
  114  10:44  Gateway  
  114  10:45  Gateway  
  114  10:47  Gateway  
  114  10:49  Pylon  
  116  10:50  Gateway  
  116  10:51  Shield Battery  
  116  10:52  Pylon, Gateway  
  116  10:54  Pylon  
  116  10:57  Pylon  
  116  11:01  Gateway  
  116  11:02  Gateway x2  
  116  11:03  Pylon, Immortal  
  116  11:15  High Templar x3  
  116  11:17  High Templar  
  128  11:19  Archon, Pylon  
  128  11:21  Archon, Assimilator  
  128  11:34  Psionic Storm  
  128  11:42  Assimilator  
  128  11:46  Pylon  
  128  11:47  Nexus, Zealot x5  
  128  11:52  Pylon  
  128  11:53  High Templar x2  
  142  12:05  High Templar  
  142  12:06  Zealot x4  
  152  12:10  Pylon, Zealot  
  152  12:11  Pylon  
  154  12:24  Zealot x4  
  154  12:27  Zealot x2  
  166  12:32  Zealot x3  
  166  12:36  Pylon  
  172  12:43  Observer  
  172  12:50  Assimilator  
  173  12:55  Robotics Facility  
  173  12:56  High Templar x2  
  173  12:57  High Templar  
  179  13:00  Assimilator  
  179  13:01  High Templar, Pylon  
  179  13:02  Zealot x5  
  179  13:04  Archon  
  191  13:06  Archon  
  191  13:31  Observer  
  192  13:49  Zealot x4  
  190  14:14  Zealot x7  
  190  14:15  Zealot x5  
Show
View Real Time Build Order
Export as new Build Order

Tirendus Zerg 

Build Orders: Pool First, Lurkers 

Get SALT Encoding   

  12  0:01  Drone  
  13  0:13  Overlord  
  13  0:18  Drone  
  14  0:31  Drone x2  
  14  0:35  Drone  
  17  0:45  Extractor  
  17  0:46  Drone  
  17  0:51  Spawning Pool  
  17  0:56  Drone  
  17  1:12  Drone  
  18  1:19  Drone  
  19  1:26  Hatchery  
  19  1:29  Drone  
  19  1:39  Zergling x2  
  20  1:42  Queen  
  22  1:49  Metabolic Boost  
  22  2:04  Roach Warren  
  22  2:05  Drone  
  22  2:11  Overlord  
  22  2:17  Overlord  
  22  2:44  Roach x3  
  22  2:48  Roach  
  30  2:52  Roach x3  
  36  3:00  Roach  
  36  3:03  Zergling x4  
  40  3:11  Zergling x2  
  40  3:12  Zergling x2  
  42  3:23  Zergling x4  
  42  3:24  Overlord  
  43  3:41  Zergling x2  
  43  3:45  Ravager  
  43  3:47  Zergling x10  
  48  3:54  Ravager  
  46  4:00  Zergling x6  
  46  4:01  Zergling x2  
  47  4:06  Ravager  
  45  4:14  Zergling x6  
  46  4:22  Drone  
  44  4:28  Drone x2  
  43  4:40  Drone x2  
  43  4:48  Drone x4  
  43  4:58  Drone x2  
  42  5:03  Drone  
  42  5:11  Queen  
  43  5:16  Roach x2  
  47  5:24  Drone x2  
  47  5:25  Hatchery  
  47  5:27  Extractor  
  47  5:30  Drone  
  47  5:33  Drone  
  49  5:43  Drone, Extractor  
  49  5:45  Drone  
  50  5:50  Drone x2  
  50  5:53  Overlord x2  
  52  6:00  Lair  
  52  6:02  Overlord  
  52  6:13  Drone  
  52  6:14  Drone x2  
  52  6:18  Drone x2  
  57  6:31  Ravager x3  
  60  6:32  Overlord  
  60  6:34  Zergling x2  
  60  6:35  Zergling x8  
  60  6:38  Queen  
  67  6:41  Roach x2  
  67  6:46  Overlord  
  71  6:51  Roach x2  
  75  6:58  Roach x3  
  75  7:00  Glial Reconstitution  
  81  7:04  Overlord  
  70  7:18  Zergling x2  
  70  7:19  Zergling x6  
  70  7:21  Ravager x2  
  70  7:22  Ravager  
  75  7:25  Roach x2  
  75  7:33  Zergling x2  
  75  7:34  Zergling x6  
  75  7:35  Queen  
  81  7:37  Extractor  
  79  7:48  Zergling x2  
  79  7:49  Zergling x2  
  79  7:51  Ravager  
  80  7:55  Overlord x2  
  79  8:05  Zergling x6  
  82  8:16  Hatchery  
  82  8:17  Drone x3  
  84  8:20  Drone x3, Extractor  
  86  8:34  Roach x2  
  90  8:36  Ravager x2  
  90  8:38  Roach  
  90  8:39  Roach  
  96  8:54  Zergling x6  
  99  8:58  Overlord x3  
  99  9:07  Overlord  
  100  9:17  Ravager x3  
  100  9:18  Ravager  
  100  9:19  Zergling x2  
  100  9:20  Zergling x12  
  110  9:31  Zergling x10  
  94  9:49  Zergling x8  
  86  9:53  Zergling x8  
  86  9:58  Zergling x2  
  88  10:08  Zergling x10  
  80  10:21  Zergling x4  
  80  10:22  Zergling x8  
  80  10:25  Zergling x2  
  87  10:34  Zergling x12  
  86  10:40  Roach x4  
  94  10:52  Drone x3, Extractor  
  94  10:53  Drone x2, Hydralisk Den  
  97  11:03  Drone x3  
  100  11:08  Drone x4  
  100  11:09  Drone x3  
  107  11:15  Evolution Chamber  
  107  11:17  Ravager x3  
  107  11:18  Ravager  
  110  11:29  Grooved Spines, Hydralisk x7  
  110  11:30  Hydralisk, Lurker Den  
  110  11:31  Hatchery  
  124  11:36  Baneling Nest  
  123  11:43  Drone  
  123  11:45  Overlord x2  
  123  11:46  Drone x3  
  127  11:50  Extractor  
  127  11:51  Zerg Missile Weapons Level 1  
  127  11:52  Drone  
  127  11:53  Drone  
  128  11:55  Drone  
  128  12:00  Hydralisk x2  
  133  12:17  Queen  
  133  12:20  Hydralisk  
  133  12:21  Hydralisk x3  
  143  12:23  Centrifical Hooks  
  143  12:26  Baneling  
  143  12:27  Baneling x3  
  143  12:28  Baneling  
  143  12:29  Baneling  
  143  12:34  Drone x4  
  147  12:40  Muscular Augments  
  146  12:47  Overseer  
  146  12:56  Lurker x4  
  150  13:01  Lurker  
  150  13:02  Zergling x14  
  150  13:03  Zergling x4  
  150  13:04  Overlord x3  
  160  13:24  Lurker x3  
  160  13:25  Lurker  
  160  13:26  Zergling x28  
  172  13:45  Drone x4, Spire  
  172  13:47  Drone x6, Infestation Pit  
  180  13:49  Extractor  
  179  13:57  Baneling  
  179  13:58  Baneling x3  
  179  14:06  Hatchery  
Tags
 
Add a new tag
Caveats
  • Supply blocks, unpowered buildings, or Contaminate may cause inaccurate times.
  • Supply counts are checked every 10 seconds.